 Dungeon Crawl Stone Soup version 0.29-a0-643-ga013cefcf8 (webtiles) character file.

Game seed: 1297824934527359694

76895 avis the Carver (level 14, -5/121 HPs)
             Began as a Demigod Ice Elementalist on June 19, 2022.
             Slain by an angel
             ... wielding a +3 whip of holy wrath
              (15 damage)
             ... on level 1 of the Abyss.
             The game lasted 02:39:52 (24420 turns).

avis the Carver (Demigod Ice Elementalist)         Turns: 24420, Time: 02:39:53

Health: -5/121     AC: 24    Str:  9    XL:     14   Next: 72%
Magic:  2/27       EV: 16    Int: 17    God:
Gold:   1232       SH: 18    Dex: 39    Spells: 12/25 levels left

rFire   . . .      SeeInvis .   a - +8 demon blade "Leech" {vamp, Harm Drain rN+}
rCold   . . .      Faith    .   T - +1 kite shield {reflect}
rNeg    + . .      Spirit   .   Q - +5 steam dragon scales
rPois   .          Reflect  +   d - +2 hat {Stlth+}
rElec   .          Harm     +   S - +1 cloak {Will+}
rCorr   .          Rampage  .   (no gloves)
Will    ++...                   v - +2 pair of boots {Stlth+}
Stlth   +++.......              O - amulet "Atuin" {Acrobat Dex+3 Stlth+}
HPRegen 0.30/turn               A - +4 ring of slaying
MPRegen 0.20/turn               m - +6 ring of dexterity

@: ice-armoured, glowing
A: high MP 1, forlorn, divine attributes
a: no special abilities


You were on level 1 of the Abyss.
You visited 3 branches of the dungeon, and saw 19 of its levels.
You visited the Abyss 1 time.
You also visited: Gauntlet.

You collected 1935 gold pieces.
You spent 703 gold pieces at shops.

Inventory:

Hand Weapons
 a - the +8 demon blade "Leech" (weapon) {vamp, Harm Drain rN+}
   (You acquired it on level 6 of the Dungeon)

   It heals its wielder for a portion of the damage dealt every time it strikes
   a living foe.
   rN:        It protects you from negative energy.
   Drain:     It drains your maximum health when unequipped.
   Harm:      It increases damage dealt and taken.
 b - a +5 demon blade of freezing
 r - a +1 vampiric long sword
 I - a +1 glaive of venom
 L - a +2 morningstar of protection
Missiles
 M - 11 poisoned darts (quivered)
Armour
 d - a +2 hat of stealth (worn)
 v - a +2 pair of boots of stealth (worn)
 Q - +5 steam dragon scales (worn)
 S - a +1 cloak of willpower (worn)
 T - a +1 kite shield of reflection (worn)
Jewellery
 m - a +6 ring of dexterity (right hand)
 A - a +4 ring of slaying (left hand)
 N - a ring of magical power
 O - the amulet "Atuin" (around neck) {Acrobat Dex+3 Stlth+}
   (You found it on level 6 of the Dungeon)

   [amulet of the acrobat]

   It increases your evasion while moving and waiting.
   Dex:       It affects your dexterity (+3).
   Stlth:     It makes you more stealthy.
Wands
 q - a wand of iceblast (5)
 B - a wand of flame (18)
 C - a wand of polymorph (3)
 H - a wand of acid (11)
 J - a wand of mindburst (5)
 K - a wand of charming (10)
Scrolls
 c - 5 scrolls of blinking
 e - 3 scrolls of poison
 f - 5 scrolls of fear
 g - a scroll of magic mapping
 o - 9 scrolls of teleportation
 u - 3 scrolls of fog
 y - 2 scrolls of silence
 E - 2 scrolls of identify
Potions
 h - 4 potions of might
 i - 4 potions of cancellation
 j - 4 potions of resistance
 k - 6 potions of lignification
 n - 7 potions of curing
 p - 4 potions of haste
 s - a potion of invisibility
 t - 4 potions of brilliance
 x - 4 potions of magic
 D - 5 potions of ambrosia
 G - 3 potions of berserk rage
Miscellaneous
 w - a phantom mirror
 z - a piece from Xom's chessboard (15/15)
 F - a box of beasts


   Skills:
 - Level 10.1 Fighting
 - Level 14.0 Long Blades
 - Level 5.0 Bows
 - Level 4.0 Dodging
 - Level 4.0 Stealth
 - Level 11.0 Shields
 - Level 6.0 Spellcasting
 * Level 9.7 Translocations
 - Level 3.0 Transmutations
 - Level 7.0 Ice Magic


You had 12 spell levels left.
You knew the following spells:

 Your Spells              Type           Power      Damage    Failure   Level
a - Freeze                Ice            100%       1d11      1%          1
b - Blink                 Tloc           76%        N/A       1%          2
e - Wereblood             Tmut           15%        N/A       12%         2
o - Ozocubu's Armour      Ice            28%        N/A       4%          3
M - Manifold Assault      Tloc           38%        N/A       14%         5

Your spell library contained the following spells:

 Spells                   Type           Power      Damage    Failure   Level
 Lesser Beckoning         Tloc           38%        N/A       1%          3
 Frozen Ramparts          Ice            56%        1d7       4%          3
 Passwall                 Tmut/Erth      8%         N/A       22%         2
 Sandblast                Erth           10%        2d5       26%         1
 Static Discharge         Conj/Air       5%         N/A       38%         2
 Sublimation of Blood     Necr           5%         N/A       38%         2
 Hailstorm                Conj/Ice       17%        3d6       54%         4
 Dispersal                Tloc           19%        N/A       61%         6
 Stone Arrow              Conj/Erth      10%        3d7       63%         3
 Corpse Rot               Necr/Pois/Air  5%         N/A       95%         4
 Dispel Undead            Necr           5%         3d7       95%         4
 Lightning Bolt           Conj/Air       2%         1d14      100%        5
 Death Channel            Necr           2%         N/A       100%        6
 Storm Form               Tmut/Air       5%         N/A       100%        7
 Summon Hydra             Summ           2%         N/A       100%        7
 Disjunction              Tloc           19%        N/A       100%        8
 Maxwell's Capacitive Co  Air            2%         ∞         100%        8


Dungeon Overview and Level Annotations

Branches:
Dungeon (12/15)            Temple (1/1) D:6            Lair (6/6) D:11
 Shoals (0/4) Lair:4       Spider (0/4) Lair:3        Slime (0/5) Lair:6
    Orc (0/2) D:9         Gauntlet (visited)

Shops:
D:1 !=*([   D:3 !   D:8 [   D:10 *


Innate Abilities, Weirdness & Mutations

You have an increased reservoir of magic. (+10% MP)
You shall have no god before yourself.
Your divine heritage dramatically boosts your attributes as you level up.


Message History

The angel hits you with a +3 whip of holy wrath!
You block the angel's attack. You block the hellwing's attack.
The hellwing misses you.
You closely miss the angel.
The angel is lightly wounded.
You block the angel's attack.
The angel hits you with a +3 whip of holy wrath.
A starcursed mass splits.
A deafening chorus of shrieks assaults your mind!
You block the hellwing's attack.
The hellwing hits you but does no damage.
A starcursed mass splits.
Casting: Manifold Assault (dangerous; 14% risk of failure)
Confirm with . or Enter, or press ? or * to list all spells.
A film of ice covers your body!
The angel hits you with a +3 whip of holy wrath!
* * * LOW HITPOINT WARNING * * *
You block the angel's attack.
A starcursed mass splits.
You block the angel's attack. The angel hits you but does no damage.
You block the hellwing's attack. The hellwing misses you.
A deafening chorus of shrieks assaults your mind!
* * * LOW HITPOINT WARNING * * *
You suddenly lose the ability to move!
You can move again.
Casting: Ozocubu's Armour (mildly dangerous; 4% risk of failure)
Confirm with . or Enter, or press ? or * to list all spells.
Space momentarily warps into an impossible shape!
You hit the starcursed mass but do no damage.
You slice the starcursed mass!!
You destroy the starcursed mass!
You block the angel's attack. x2; A starcursed mass splits.
You hit the hellwing.
The hellwing is lightly wounded.
You block the hellwing's attack. The hellwing misses you.
The angel hits you with a +3 whip of holy wrath!!
* * * LOW HITPOINT WARNING * * *
You block the angel's attack. You block the starcursed mass's attack.
You feel better.
The angel hits you with a +3 whip of holy wrath!
You die...

#...#....# #.# W
#.###.#.4...#..#...##
. .#.. .#.#. . . #.
... #.###. 4.## . .
#.#. #..Z###.## #.#.
.. . #X#X.#..## .)#
.. . #XXX##h..##..##
. # #X##XA4###.### #
# # #...@..# # ###
#.#.##.## . #. ..#
#.# .. #.## . . ##
##. .. # G # #


You could see 7 starcursed masses, an angel, a hellwing, a raiju and a centaur
warrior simulacrum.

Vanquished Creatures
  Gastronok (Lair:2)
  A minotaur (Gauntlet)
  An eidolon (Abyss:1)
  The ghost of spaghetti the Fighter, a journeyman GnWn of Cheibriados (D:12)
  A rakshasa (Abyss:1)
  2 boulder beetles
  A catoblepas (Lair:5)
  4 hydras
  A death knight (Abyss:1)
  3 death yaks (Lair:6)
  3 two-headed ogres
  Urug (Lair:4)
  A soul eater (Gauntlet)
  A wretched star (Abyss:1)
  A fire crab (Gauntlet)
  A flayed ghost (Abyss:1)
  2 wizards (Gauntlet)
  Pikel (D:4)
  A lindwurm (Lair:6)
  A deep elf pyromancer (D:12)
  An oklob plant (Lair:5)
  An orc sorcerer (D:12)
  2 orc knights (D:12)
  A wolf spider (Lair:4)
  5 cyclopes
  An ugly thing (D:12)
  13 elephants (Lair:6)
  A torpor snail (Lair:6)
  6 black mambas
  A guardian serpent (Abyss:1)
  A naga mage (Abyss:1)
  A smoke demon (Abyss:1)
  An orange demon (Abyss:1)
  16 cane toads
  9 rime drakes
  8 komodo dragons
  3 trolls
  A kobold demonologist (D:12)
  An ancient zyme (Abyss:1)
  12 polar bears
  3 hornets
  2 raiju
  A hydra skeleton (Abyss:1)
  3 dream sheep (Lair:6)
  28 blink frogs
  A snapping turtle (Lair:4)
  Sigmund (D:2)
  2 ynoxinuls (Abyss:1)
  3 wraiths
  7 wyverns
  3 large abominations (Abyss:1)
  A vampire (D:12)
  49 yaks
  2 steam dragons
  2 fire bats (Gauntlet)
  3 basilisks
  8 vampire mosquitoes
  6 wargs (Lair:6)
  14 hell hounds (Lair:6)
  16 water moccasins
  Duvessa (D:4)
  13 black bears
  A sky beast (D:7)
  7 starcursed masses (Abyss:1)
  9 orc warriors
  2 ice beasts (D:7)
  3 ogres
  59 wolves
  3 centaurs
  4 lemures
  A phantom (D:5)
  4 kobold brigands
  10 bullfrogs
  3 necrophages
  2 small abominations (Abyss:1)
  8 scorpions
  6 wights
  Dowan (D:4)
  8 killer bees
  A jelly (D:4)
  2 electric eels (D:11)
  7 howler monkeys
  A crimson imp (Abyss:1)
  Crazy Yiuf (D:6)
  5 hounds
  4 orc priests
  An iron imp (Abyss:1)
  5 iguanas
  7 orc wizards
  4 hell rats (Lair:5)
  20 adders
  7 shadow imps (Gauntlet)
  4 white imps
  2 ufetubi
  4 worms
  3 dart slugs
  57 orcs
  3 endoplasms
  7 giant cockroaches
  6 goblins
  A hobgoblin (D:1)
  3 jackals (D:2)
  15 kobolds
  8 quokkas
  6 ball pythons
  8 bats
  A frilled lizard (D:1)
  5 rats
  4 butterflies
616 creatures vanquished.

Vanquished Creatures (others)
  A bush (Lair:4)
  34 fungi
  78 plants
  8 withered plants (Gauntlet)
121 creatures vanquished.

Grand Total: 737 creatures vanquished

Notes
Turn   | Place    | Note
-------+----------+-------------------------------------------
     0 | D:1      | avis the Demigod Ice Elementalist began the quest for the
                  | Orb.
     0 | D:1      | Reached XP level 1. HP: 14/14 MP: 5/5
     2 | D:1      | Noticed a felid
     2 | D:1      | Noticed a demigod
     4 | D:1      | Noticed a minotaur
     6 | D:1      | Noticed a troll
     8 | D:1      | Noticed a merfolk
     8 | D:1      | Noticed a naga
    10 | D:1      | Noticed a ghoul
    12 | D:1      | Noticed a vampire
    12 | D:1      | Noticed a draconian
    14 | D:1      | Noticed a tengu
    16 | D:1      | Noticed an elf
    16 | D:1      | Noticed a gargoyle
    18 | D:1      | Noticed a vine stalker
    18 | D:1      | Noticed a dwarf
    20 | D:1      | Noticed a spriggan
    20 | D:1      | Noticed an octopode
    22 | D:1      | Noticed a human
    24 | D:1      | Noticed a demonspawn
    24 | D:1      | Noticed a formicid
    26 | D:1      | Noticed an ogre
    69 | D:1      | Found Fovu's Jewellery Shoppe.
    84 | D:1      | Found Dotiaqohou's Distillery.
   133 | D:1      | Found Lamoz's Assorted Antiques.
   202 | D:1      | Found Zain's Armour Shoppe.
   260 | D:1      | Found Ocaweilu's Weapon Shoppe.
   265 | D:1      | Reached XP level 2. HP: 20/20 MP: 4/7
  1024 | D:2      | Reached XP level 3. HP: 22/26 MP: 4/8
  1233 | D:2      | Learned a level 3 spell: Ozocubu's Armour
  1251 | D:2      | Noticed Sigmund
  1482 | D:2      | Reached skill level 5 in Ice Magic
  1859 | D:2      | Killed Sigmund
  1860 | D:2      | Reached skill level 1 in Fighting
  1860 | D:2      | Reached XP level 4. HP: 32/35 MP: 0/9
  1860 | D:2      | Reached XP level 5. HP: 37/40 MP: 0/10
  2056 | D:3      | Found Zeesaumi's Distillery.
  2119 | D:1      | Bought a potion of curing for 36 gold pieces
  2119 | D:1      | Bought a potion of heal wounds for 60 gold pieces
  2970 | D:4      | Reached XP level 6. HP: 44/50 MP: 4/11
  3900 | D:4      | Noticed Pikel
  4490 | D:4      | Reached XP level 7. HP: 59/59 MP: 8/13
  4625 | D:4      | Noticed Dowan
  4817 | D:4      | Killed Pikel
  4996 | D:5      | Entered Level 5 of the Dungeon
  5004 | D:5      | Reached skill level 5 in Fighting
  5013 | D:5      | Reached XP level 8. HP: 48/68 MP: 11/15
  6673 | D:4      | Noticed Duvessa
  6685 | D:4      | Killed Duvessa
  6686 | D:4      | Killed Dowan
  7116 | D:6      | Identified the +2 helmet of the Sandy Slorg {Int+5 Dex-3
                  | Stlth+}
  7316 | D:6      | Reached skill level 1 in Bows
  7568 | D:6      | Identified the amulet "Atuin" {Acrobat Dex+3 Stlth+}
  7856 | D:6      | Found a staircase to the Ecumenical Temple.
  8160 | D:6      | Reached XP level 9. HP: 79/79 MP: 13/16
  8405 | D:6      | Found a runed translucent door.
  8408 | D:6      | Noticed Crazy Yiuf
  8418 | D:6      | Killed Crazy Yiuf
  8538 | D:6      | Reached skill level 5 in Bows
  8542 | D:6      | Identified the +7 flail of Accord {vorpal, rElec rCorr
                  | Str+2 Dex+2}
  8595 | D:6      | Identified a scroll of acquirement
  8595 | D:6      | Acquired the +8 demon blade "Leech" {vamp, Harm Drain rN+}
  8595 | D:6      | Found the +8 demon blade "Leech" {vamp, Harm Drain rN+}
  8628 | Temple   | Entered the Ecumenical Temple
  8766 | D:3      | Bought 2 potions of degeneration for 24 gold pieces
  8766 | D:3      | Bought a potion of brilliance for 48 gold pieces
  8766 | D:3      | Bought a potion of berserk rage for 60 gold pieces
  8805 | D:1      | Bought a scroll of identify for 42 gold pieces
  8805 | D:1      | Bought a scroll of identify for 42 gold pieces
  8988 | D:7      | Reached skill level 1 in Long Blades
  8992 | D:7      | Reached skill level 2 in Long Blades
  9153 | D:7      | Reached skill level 3 in Long Blades
  9542 | D:7      | Reached skill level 4 in Long Blades
  9726 | D:7      | Paralysed by a hornet for 1 turns
  9728 | D:7      | Paralysed by a hornet for 3 turns
  9732 | D:7      | Reached skill level 5 in Long Blades
 10759 | D:8      | Found Ocvyaqa's Specialty Armours.
 10767 | D:8      | Noticed a two-headed ogre
 10781 | D:8      | Killed a two-headed ogre
 10782 | D:8      | Reached skill level 6 in Long Blades
 10805 | D:8      | Reached skill level 7 in Long Blades
 11243 | D:8      | Learned a level 2 spell: Wereblood
 11319 | D:9      | Noticed a two-headed ogre
 11321 | D:9      | Found a staircase to the Orcish Mines.
 11385 | D:9      | Reached XP level 10. HP: 58/86 MP: 17/17
 11548 | D:9      | Reached skill level 1 in Transmutations
 11638 | D:9      | Noticed a two-headed ogre
 11645 | D:9      | Killed a two-headed ogre
 11646 | D:9      | Reached skill level 8 in Long Blades
 11920 | D:9      | Killed a two-headed ogre
 11921 | D:9      | Reached skill level 9 in Long Blades
 12165 | D:9      | Reached skill level 1 in Shields
 12579 | D:10     | Entered Level 10 of the Dungeon
 12919 | D:10     | Reached skill level 10 in Long Blades
 12993 | D:10     | Found Ytiu's Island Escapes.
 13403 | D:10     | Bought a scroll of blinking for 112 gold pieces
 13449 | D:11     | Reached XP level 11. HP: 92/92 MP: 19/19
 13764 | D:11     | Reached skill level 11 in Long Blades
 13823 | D:11     | Learned a level 2 spell: Blink
 13944 | D:11     | Found a staircase to the Lair.
 14166 | Lair:1   | Entered Level 1 of the Lair of Beasts
 14273 | Lair:1   | Reached skill level 1 in Translocations
 14567 | Lair:1   | Identified the +0 ring mail of Deoh {rC+ Will+ Dex-5}
 15403 | Lair:2   | Reached skill level 12 in Long Blades
 15594 | Lair:2   | Noticed a seven-headed hydra
 15625 | Lair:2   | Killed a nine-headed hydra
 15811 | Lair:2   | Noticed Gastronok
 15849 | Lair:2   | Killed Gastronok
 15853 | Lair:2   | Reached skill level 13 in Long Blades
 15903 | Lair:2   | Reached XP level 12. HP: 101/101 MP: 20/20
 16662 | Lair:3   | Reached skill level 14 in Long Blades
 16710 | Lair:3   | Found a hole to the Spider Nest.
 17347 | D:1      | Bought a +2 pair of boots of stealth for 279 gold pieces
 17606 | Lair:4   | Found a gate leading to a gauntlet.
 17622 | Gauntlet | Entered a Gauntlet
 17622 | Gauntlet | Found a transporter.
 17632 | Gauntlet | Found a transporter.
 17632 | Gauntlet | Found a transporter.
 17634 | Gauntlet | Found a transporter.
 17655 | Gauntlet | Found a transporter.
 17664 | Gauntlet | Found a transporter.
 17668 | Gauntlet | Noticed a ghost crab
 17669 | Gauntlet | Found a transporter.
 17684 | Gauntlet | Found a transporter.
 17703 | Gauntlet | Found a transporter.
 17733 | Gauntlet | Found a transporter.
 17763 | Gauntlet | Found a transporter.
 17768 | Gauntlet | Found a transporter.
 17793 | Gauntlet | Found a transporter.
 17798 | Gauntlet | Found a transporter.
 17800 | Gauntlet | Found a transporter.
 17809 | Gauntlet | Noticed a blizzard demon
 17823 | Gauntlet | Found a transporter.
 17831 | Gauntlet | Found a transporter.
 17880 | Gauntlet | Found a transporter.
 18280 | Gauntlet | Identified the +8 war axe "Acrasoiv" {freeze, Str+4}
 18280 | Gauntlet | Identified the ring of the Visionary {Fire +Blink rElec}
 18280 | Gauntlet | Noticed a minotaur
 18292 | Gauntlet | Killed a minotaur
 18310 | Gauntlet | Identified the +0 chain mail of Yveul {Dex+4}
 18666 | Lair:4   | You fall into a shaft and drop 2 floors!
 18666 | Lair:6   | Entered Level 6 of the Lair of Beasts
 18750 | Lair:5   | Reached skill level 5 in Shields
 19008 | Lair:5   | Noticed a catoblepas
 19024 | Lair:5   | Killed a catoblepas
 19025 | Lair:5   | Reached skill level 10 in Fighting
 19025 | Lair:5   | Reached XP level 13. HP: 113/113 MP: 18/21
 19329 | Lair:1   | Learned a level 5 spell: Manifold Assault
 19593 | Lair:4   | Noticed Urug
 19613 | Lair:4   | Killed Urug
 19703 | Lair:4   | Found a staircase to the Shoals.
 19709 | Lair:4   | Reached skill level 5 in Translocations
 21399 | Lair:6   | Reached skill level 5 in Spellcasting
 21547 | Lair:6   | Reached XP level 14. HP: 94/121 MP: 23/25
 21729 | Lair:6   | Found a staircase to the Slime Pits.
 22215 | Lair:6   | Reached skill level 10 in Shields
 23643 | D:12     | Found a runed translucent gate.
 23644 | D:12     | Found a runed translucent gate.
 23644 | D:12     | Found a runed translucent gate.
 23644 | D:12     | Noticed spaghetti's ghost (journeyman GnWn)
 23904 | D:12     | Killed spaghetti's ghost
 23912 | D:12     | Cast into level 1 of the Abyss (kobold brigand)
 24145 | Abyss:1  | HP: 2/96 [starcursed mass/accursed screaming (7)]
 24163 | Abyss:1  | Noticed a daeva
 24407 | Abyss:1  | Noticed an angel
 24417 | Abyss:1  | Paralysed by accursed screaming for 1 turns
 24419 | Abyss:1  | HP: 1/121 [angel/+3 whip of holy wrath (21)]
 24420 | Abyss:1  | Slain by an angel

Illustrated notes

Levels and vault maps discovered:
D:1:      kb_arrival_jail, layout_basic, serial_shops, shop,
          nicolae_shop_crystal, shop, shop, shop, chequers_serial_rivers_small_a
D:2:      layout_rooms, basic_ecumenical_altar, basic_altar, uniq_sigmund
D:3:      layout_basic, mainiacjoe_overflow_alcove_4,
          mainiacjoe_overflow_alcove_2, serial_shops, nicolae_shop_stone,
          chequers_serial_rivers_room_b
D:4:      layout_gridville, mainiacjoe_overflow_alcove_1,
          chequers_serial_rivers_micro_b, uniq_duvessa, uniq_pikel
D:5:      layout_cave_pods, nicolae_overflow_crystal_walls
D:6:      layout_loops_corners, amcnicky_altar_gilded,
          minmay_temple_entry_antechambers, uniq_crazy_yiuf_cottage
D:7:      layout_gridville, mainiacjoe_overflow_small_starburst,
          mainiacjoe_overflow_boulevard
D:8:      layout_basic, nicolae_dithmenos_shadow_blocks, nicolae_barding_shop
D:9:      layout_irregular_city, cheibrodos_ashenzari_chains,
          gammafunk_temple_overflow_elements, david_orc_2,
          kennysheep_generic_room_8
D:10:     layout_cave_pools, lemuel_round_altar, trog_ov_bears_minmay,
          nicolae_island_escapes
D:11:     layout_loops_ring, erik_lair_island
D:12:     layout_roguey [special_room_orc], gammafunk_ghost_nasty_kobolds
Temple:   compressed_dpeg_triangle_lava_temple
Lair:1:   layout_regular_city, minivault_25
Lair:2:   layout_regular_city, uniq_gastronok
Lair:3:   layout_small_grid, spider_nest_entry_web_field, serial_bayou_pond_a,
          minivault_19, lemuel_fruit_tree, lemuel_fruit_fields
Lair:4:   minmay_lair_venomous_thicket, layout_misc_corridors,
          minmay_shoals_entry_hut, portal_ice_cave_rime, gauntlet_entry_generic,
          lemuel_fruit_fields, uniq_urug
Lair:5:   hellmonk_ruined_rings, layout_loops_ring,
          grunt_forest_large_clearings, serial_bayou_shore_b,
          infiniplex_staircase_pool
Lair:6:   hangedman_lair_caniforms_friends, layout_cave_pods,
          hangedman_lair_in_review, slime_dummy, lemuel_fruit_fields
Abyss:1:  base:
D:4

Skill      XL: |  1  2  3  4  5  6  7  8  9 10 11 12 13 14 |
---------------+-------------------------------------------+-----
Ice Magic      | 4 6 7 |  7.0
Spellcasting   | 2 3 5 6 |  6.0
Dodging        | 2 3 4 |  4.0
Stealth        | 2 3 4 |  4.0
Fighting       | 1 2 4 5 7 10 | 10.1
Bows           | 4 5 |  5.0
Long Blades    | 7 10 13 14 | 14.0
Transmutations | 2 3 |  3.0
Shields        | 2 4 5 9 11 | 11.0
Translocations | 2 3 6 9 |  9.7

Action                   |  1- 3 |  4- 6 |  7- 9 | 10-12 | 13-15 || total
-------------------------+-------+-------+-------+-------+-------++-------
Melee: Short sword       |     4 |    27 |       |       |       ||    31
       Scimitar          |       |     7 |   107 |       |       ||   114
       Punch             |       |       |     4 |     3 |       ||     7
       Demon blade       |       |       |    69 |   547 |   613 ||  1229
 Fire: Hunting sling     |       |    14 |    54 |       |       ||    68
       Shortbow          |       |       |    62 |       |       ||    62
Throw: Dart              |       |     4 |       |       |       ||     4
 Cast: Freeze            |    70 |    63 |    40 |       |       ||   173
       Ozocubu's Armour  |     1 |     9 |    36 |    29 |    31 ||   106
       Manifold Assault  |       |       |       |       |    18 ||    18
Evoke: Wand              |       |       |       |     1 |    28 ||    29
  Use: Scroll            |       |       |    13 |    16 |     4 ||    33
       Potion            |       |       |       |     2 |     9 ||    11
 Stab: Sleeping          |       |    10 |     4 |    17 |    15 ||    46
       Distracted        |       |       |       |     1 |     6 ||     7
Armor: Robe              |    11 |    22 |    95 |       |       ||   128
       Steam dragon scal |       |       |    39 |   190 |   135 ||   364
Dodge: Dodged            |    20 |    49 |   225 |   327 |   231 ||   852
Block: Buckler           |       |       |       |    92 |       ||    92
       Kite shield       |       |       |       |   133 |   428 ||   561
       Reflection        |       |       |       |       |     2 ||     2

Table legend: (Time is in decaauts)
 A = Elapsed time spent in this place.
 B = Non-inter-level travel time spent in this place.
 C = Inter-level travel time spent in this place.
 D = Time resting spent in this place.
 E = Time spent auto-exploring this place.
 F = Levels seen in this place.
 G = Mean time per level.
                   A        B        C        D        E       F      G
               +--------+--------+--------+--------+--------+-----+--------+
         Total |  24305 |  20547 |   3758 |   4709 |   9598 |  21 | 1157.4 |
       Dungeon |  15978 |  13256 |   2722 |   3671 |   6537 |  12 | 1331.5 |
        Temple |     37 |     33 |      4 |      0 |      0 |   1 |   37.0 |
          Lair |   6813 |   5781 |   1032 |    569 |   3060 |   6 | 1135.5 |
         Abyss |    483 |    483 |      0 |    163 |      0 |   1 |  483.0 |
      Gauntlet |    992 |    992 |      0 |    306 |      0 |   1 |  992.0 |
               +--------+--------+--------+--------+--------+-----+--------+

Top non-repeatable levels by time:
     D:4: 2131 daAuts
     D:6: 1975 daAuts
     D:7: 1829 daAuts
     D:5: 1822 daAuts
  Lair:5: 1610 daAuts
  Lair:6: 1471 daAuts
     D:3: 1298 daAuts
  Lair:1: 1197 daAuts
     D:9: 1129 daAuts
     D:2: 1120 daAuts
     D:1: 1115 daAuts
  Lair:2: 1068 daAuts
Gauntlet: 992 daAuts
    D:11: 951 daAuts
     D:8: 919 daAuts
